 Dungeon Crawl Stone Soup version 0.25-a0-731-g0472a16d6a (webtiles) character file.

Game seed: 18030408267466791170, levelgen mode: deterministic

136 Hastur the Slasher (level 5, -1/41 HPs)
             Began as a Human Gladiator on Apr 8, 2020.
             Killed from afar by an orc wizard (10 damage)
             ... with a puff of flame
             ... on level 3 of the Dungeon.
             The game lasted 00:03:56 (1992 turns).

Hastur the Slasher (Human Gladiator)                Turns: 1992, Time: 00:03:56

Health: -1/41      AC:  9    Str: 15    XL:     5   Next: 43%
Magic:  5/5        EV:  7    Int:  9    God:
Gold:   86         SH:  0    Dex: 14    Spells: 4/4 levels left

rFire    . . .     SeeInvis .   a - +0 long sword
rCold    . . .     Gourm    .   (no shield)
rNeg     . . .     Faith    .   e - +0 chain mail
rPois    .         Spirit   .   c - +0 helmet
rElec    .         Reflect  .   (no cloak)
rCorr    .         Harm     .   (no gloves)
MR       .....                  (no boots)
Stlth    ..........             (no amulet)
HPRegen  0.13/turn              (no ring)
MPRegen  0.09/turn              (no ring)

@: mighty
A: no striking features
a: no special abilities


You were on level 3 of the Dungeon.
You were near starving.

You visited 1 branch of the dungeon, and saw 3 of its levels.

You collected 86 gold pieces.

Inventory:

Hand Weapons
 a - a +0 long sword (weapon)
Missiles
 d - 3 throwing nets
 i - 8 javelins
 j - 80 stones
 k - 35 poisoned darts (quivered)
Armour
 b - a +0 leather armour
 c - a +0 helmet (worn)
 e - a +0 chain mail (worn)
Scrolls
 l - a scroll of remove curse {unknown}
 m - a scroll of magic mapping {unknown}
 o - a scroll of immolation {unknown}
Potions
 g - a potion of heal wounds {unknown}
Comestibles
 f - 3 rations


   Skills:
 + Level 3.1 Fighting
 * Level 4.5 Long Blades
 - Level 2.0 Throwing
 + Level 3.8 Dodging


You had 4 spell levels left.
You didn't know any spells.
Your spell library was empty.

Dungeon Overview and Level Annotations

Branches:
Dungeon (3/15)

Altars:


Message History

The orc hits you with a +0 short sword.
* * * LOW HITPOINT WARNING * * *
The orc wizard mumbles some strange words.
The orc wizard blinks!
Unknown command.
You hit the orc.
The orc is heavily wounded.
Something hits you but does no damage. The orc barely misses you.
You riposte.
You hit the orc.
You kill the orc!
You closely miss something.
Something hits you but does no damage. x2
Your chain mail prevents you from hitting something.
An orc wizard appears from thin air!
Reactivating autopickup.
The orc wizard hits you but does no damage.
An adder comes into view.
The adder hisses angrily.
The orc wizard casts a spell at you. The puff of flame hits you!
You die...

##. # .. .#.#
...# #..#
#####.#
#)(({.# #
#)###$##.#...
#.o.@......#
#..##.#.####
#..##.#.#
#.........g.#
#..o..........
###.....S....#
##...!..>...
...........
............


You could see an orc wizard and an adder.

Vanquished Creatures
  A hound (D:3)
  2 worker ants
  An adder (D:2)
  An ooze (D:1)
  2 dart slugs
  2 leopard geckos (D:2)
  3 orcs (D:3)
  5 bats
  2 giant cockroaches
  2 goblins
  4 hobgoblins
  4 frilled lizards (D:2)
  5 kobolds
  9 rats
43 creatures vanquished.

Notes
Turn   | Place    | Note
-------+----------+-------------------------------------------
     0 | D:1      | Hastur the Human Gladiator began the quest for the Orb.
     0 | D:1      | Reached XP level 1. HP: 16/16 MP: 1/1
   292 | D:1      | Reached XP level 2. HP: 19/22 MP: 2/2
   876 | D:2      | Reached XP level 3. HP: 17/27 MP: 3/3
  1572 | D:2      | Reached XP level 4. HP: 34/34 MP: 4/4
  1608 | D:2      | Reached skill level 4 in Long Blades
  1958 | D:3      | Reached XP level 5. HP: 28/40 MP: 5/5
  1992 | D:3      | Killed from afar by an orc wizard

Levels and vault maps discovered:
D:1:      dpeg_arrival_tiny_g, layout_basic, amethyst_killhole
D:2:      layout_basic, first_ration, kennysheep_generic_room_9
D:3:      layout_rooms, uniq_grinder

Skill      XL: |  1  2  3  4  5 |
---------------+----------------+-----
Long Blades    | 4 |  4.5
Fighting       | 3 |  3.1
Throwing       | |  2.0
Dodging        | |  3.8

Action                   |  1- 3 |  4- 6 || total
-------------------------+-------+-------++-------
Melee: Long sword        |    96 |    31 ||   127
Throw: Dart              |     4 |    12 ||    16
  Use: Potion            |       |     3 ||     3
  Eat: Chunk             |     2 |       ||     2
Armor: Chain mail        |    72 |    49 ||   121
       Skin              |     1 |       ||     1
Dodge: Dodged            |    58 |    25 ||    83
       Rpst.: Long sword |    16 |     9 ||    25

Table legend:
 A = Non-vault XP
 B = Vault XP
 C = Vault XP percentage of total XP
 D = Non-vault monster count
 E = Vault monster count
 F = Vault count percentage of total count
                 A         B        C        D         E       F
            +---------+---------+-------+---------+---------+-------
      Total |     194 |       1 |   0.5 |      42 |       1 |   2.3
            +---------+---------+-------+---------+---------+-------
        D:1 |      19 |       0 |   0.0 |      10 |       0 |   0.0
        D:2 |      85 |       1 |   1.2 |      23 |       1 |   4.2
        D:3 |      90 |       0 |   0.0 |       9 |       0 |   0.0
            +---------+---------+-------+---------+---------+-------
